Steven, chaotic male human Wizard ----------- ---------- |..<.......# #.....>...| |.........|# #|........| #-.........|############### #|........| ###|.........|# -------*----- #----.----- # ---|-------# |`.........`| # ### ### ######### |.....`.....| # # # ## |...-----...| # ### --------# |.....{.|....###### # # |......-# |..`|{.{|`..| ################# ----.-- |....*.| |...|.{.|...| ### --------@ |.....| |.......###### |...-----...| # |%....@'# |.....| -------- +.....`.....| +....:.|# |.....| |`........I`| |....F. #####-.....| ------------- |..... ------- |..@.. |.... ----- Steven the Conjurer Experience level: 5 Strength: 11 Dexterity: 15 Constitution: 17 Intelligence: 17 Wisdom: 12 Charisma: 9 Health: 0(40) Energy: 6(35) Def: 2 Gold: 1036 Moves: 2603 Dungeon seed: tH7HpeZH0e8BRvVx Game ID: Steven_1440552967 Your Inventory: Coins $ - 1036 gold pieces Weapons a - an uncursed +0 elven dagger (weapon in hand) u - a blessed +1 quarterstaff Armor e - an uncursed +0 cloak of magic resistance (being worn) q - an uncursed +0 orcish helm (being worn) y - an uncursed +0 mummy wrapping Comestibles G - an uncursed sprig of wolfsbane K - an uncursed tin of iguana meat O - an uncursed melon Q - 2 uncursed tins of rock piercer meat R - an uncursed lichen corpse Scrolls i - an uncursed scroll of enchant weapon j - an uncursed scroll of earth k - an uncursed scroll of identify p - an uncursed scroll of teleportation E - a cursed scroll of identify H - an uncursed scroll of create monster I - an uncursed scroll of scare monster T - a blessed scroll of teleportation Spellbooks l - a blessed spellbook of force bolt m - a blessed spellbook of magic missile n - an uncursed spellbook of confuse monster A - an uncursed spellbook of invisibility Potions f - an uncursed potion of water g - 2 uncursed potions of speed h - an uncursed potion of healing r - an uncursed potion of restore ability t - a blessed potion of healing M - an uncursed potion of object detection U - an uncursed potion of sleeping Rings c - an uncursed +4 ring of gain constitution (on left hand) d - an uncursed ring of see invisible (on right hand) S - an uncursed ring of levitation Wands b - an uncursed wand of light (0:12) x - an uncursed wand of enlightenment (0:14) L - an uncursed wand of speed monster (0:6) Tools o - an uncursed magic marker (0:46) v - a cursed magic lamp P - an uncursed magic flute (0:7) Spells and supernatural/magical abilities: Name Level Category Fail Memory a - force bolt 1 attack 0% 87% m - magic missile 2 attack 0% 87% u - confuse monster 2 enchantment 0% 87% W - pray for help -- divine ? -- Your skills at the end: Fighting Skills Weapon Skills dagger [Basic] quarterstaff [Basic] Spellcasting Skills attack spells [Basic] enchantment spells [Basic] Final Attributes: You were piously aligned. You were magic-protected. You saw invisible. You are dead. Vanquished creatures: a rock piercer a kobold mummy a golden naga hatchling a giant ant a kobold lord a kobold shaman 8 hill orcs a centipede 4 dwarf zombies a gas spore 2 hobbits a hobgoblin a giant rat a green mold 2 geckos a jackal 2 goblins 4 sewer rats 4 grid bugs 6 lichens 2 kobold zombies 3 newts 49 creatures vanquished. Voluntary challenges: You used a wielded weapon 67 times, starting on turn 8. You read items or engraved 5 times, starting on turn 1152. You never genocided any monsters. You never polymorphed an object. You never changed form. You used no wishes. You never split a pudding. You wrote Elbereth's name 3 times, starting on turn 1947. You never violated your personal moral code. Dungeon overview: The Dungeons of Doom: levels 1 to 8 Level 1 a fountain a long staircase Level 2 a fountain stairs to The Gnomish Mines Level 3 an altar to Ptah Level 4 some fountains, a sink Level 5 Level 6 some fountains Level 7 <- You were here many fountains Level 8 The Gnomish Mines: Level 3 stairs to The Dungeons of Doom History has recorded: On T:1 you entered the Dungeons of Doom to retrieve the Amulet of Yendor! On T:277 you reached level 2 of The Dungeons of Doom. On T:375 you reached level 3 of The Dungeons of Doom. On T:580 you advanced to experience level 2. On T:663 you reached level 1 of The Gnomish Mines. On T:823 you reached level 4 of The Dungeons of Doom. On T:1285 you advanced to experience level 3. On T:1302 you reached level 5 of The Dungeons of Doom. On T:1673 you reached level 6 of The Dungeons of Doom. On T:1743 you advanced to experience level 4. On T:2114 you reached level 7 of The Dungeons of Doom. On T:2238 you advanced to experience level 5. On T:2551 you reached level 8 of The Dungeons of Doom. Score breakdown: Gold: 1036 ( 103 points) Experience: 5 levels ( 400 points) Exploration: 8 levels ( 210 points) Discoveries: 3 items ( 150 points) Variety of kills: 22 monsters ( 1100 points) Major goal: (nothing yet) ( 0 points) Survival: died (score multiplied by 3) Total score: 5889 Latest messages: The gold golem hits! (2x) You die... Final status: Goodbye Steven the Wizard, killed by a gold golem... You died in The Dungeons of Doom on dungeon level 7 with 5889 points, and 1036 pieces of gold, after 2603 moves. You were level 5 with a maximum of 40 hit points when you died.